 Dungeon Crawl Stone Soup version 0.29.1-12-g30fa7ad0bf (webtiles) character file.

Game seed: 14085829118613818470

63 Psun the Ruffian (level 4, -1/35 HPs)
             Began as a Djinni Berserker on Jan 12, 2023.
             Was a Believer of Trog.
             Slain by a jackal (3 damage)
             ... on level 2 of the Dungeon.
             The game lasted 00:08:16 (2375 turns).

Psun the Ruffian (Djinni Berserker)                 Turns: 2375, Time: 00:08:17

Health: -1/35      AC:  3    Str: 18    XL:     4   Next: 30%
Gold:   119        EV: 12    Int:  9    God:    Trog [**....] SH:  0 Dex: 12

rFire   + + .      SeeInvis .     - Unarmed
rCold   x . .      Faith    .   (no shield)
rNeg    . . .      Spirit   .   a - +0 animal skin
rPois   ∞          Reflect  .   (no helmet)
rElec   .          Harm     .   (no cloak)
rCorr   .          Rampage  .   k - +0 pair of gloves
Will    .....                   (boots unavailable)
Stlth   +.........              (no amulet)
HPRegen 0.11/turn               (no ring)
MPRegen 0.00/turn               (no ring)

@: flying
A: sickness immunity, fire resistance 2, cold vulnerability 1, float, innate
caster, HP casting, extra vitality 1
a: Renounce Religion, Berserk, Trog's Hand


You were on level 2 of the Dungeon.
You worshipped Trog.
Trog was pleased with you.
You visited 1 branch of the dungeon, and saw 2 of its levels.

You collected 119 gold pieces.

Inventory:

Hand Weapons
 b - a +0 dagger
 j - a +0 spear
Missiles
 e - 30 stones (quivered)
Armour
 a - a +0 animal skin (worn)
 h - a +0 pair of boots
 k - a +0 pair of gloves (worn)
 o - a +0 leather armour
Jewellery
 m - a ring of poison resistance
Scrolls
 c - a scroll of butterflies {unknown}
 d - 3 scrolls of teleportation {unknown}
 i - a scroll of enchant armour {unknown}
 p - a scroll of fear {unknown}
Potions
 f - 2 potions of cancellation {unknown}
 g - 2 potions of degeneration {unknown}
 l - a potion of mutation {unknown}
 n - a potion of attraction {unknown}


   Skills:
 + Level 3.5 Fighting
 + Level 2.0 Armour
 + Level 2.7 Dodging
 - Level 0.2 Stealth
 + Level 4.1 Unarmed Combat


You had 2 spell levels left.
You knew the following spells:

 Your Spells              Type           Power      Damage    Failure   Level
a - Freeze                Ice            0%         1d3       38%         1
Your spell library was empty.

Dungeon Overview and Level Annotations

Branches:
Dungeon (2/15)

Altars:

Annotations:
D:2 Terence


Innate Abilities, Weirdness & Mutations

You are immune to sickness and miasma.
You are immune to poison.
Your flesh is very heat resistant. (rF++)
You are vulnerable to cold. (rC-)
You float through the air rather than walking.
You learn spells naturally, not from books.
Your magical power is your life essence.
You have superior vitality. (+4 MHP)


Message History

The jackal attacks as you move away! The jackal bites you.
The kobold attacks as you move away! The kobold completely misses you.
The kobold attacks as you move away!
The kobold hits you with a +0 short sword.
The jackal bites you but does no damage.
You barely miss the jackal.
The jackal is severely wounded.
The jackal closely misses you.
You closely miss the jackal.
The jackal is severely wounded.
The jackal bites you. The kobold misses you.
You closely miss the jackal.
The jackal is severely wounded.
The jackal bites you. Terence closely misses you.
The kobold hits you but does no damage. The jackal bites you.
You hit the jackal but do no damage.
The jackal is severely wounded.
Terence barely misses you. The kobold barely misses you. The jackal bites you.
You barely miss the jackal.
The jackal is severely wounded.
The jackal bites you but does no damage.
Terence hits you but does no damage.
The kobold hits you with a +0 short sword.
You closely miss the jackal.
The jackal is severely wounded.
The jackal bites you but does no damage.
Terence closely misses you.
The kobold hits you with a +0 short sword.
The jackal closely misses you.
You closely miss the jackal.
The jackal is heavily wounded.
The jackal bites you but does no damage.
Terence screams, "I'm going to kill you!"
Terence hits you with a +0 flail!
* * * LOW HITPOINT WARNING * * *
The kobold barely misses you. The jackal attacks as you move away!
The jackal bites you.
* * * LOW HITPOINT WARNING * * *
The jackal bites you.
You die...

#. #. ##.## #.######. ...
......... #.# #........
##########.#### ########.
#.............# #.
#......@......# #.
#########......h@.....# ########.
...............K......###........
..............####+#.............
......[.......# #.#######.....
..............# #<# #.....
..............# #.# #.##..
..............# #.# #.##.#
..............# ..# #.##.#
############### #..# #.....


You could see Terence, a jackal and a kobold.

Vanquished Creatures
  An adder (D:2)
  2 dart slugs (D:1)
  3 ball pythons
  6 endoplasms
  3 giant cockroaches
  4 hobgoblins
  5 jackals
  3 quokkas
  4 bats (D:1)
  4 goblins (D:1)
  3 kobolds (D:1)
  5 rats
43 creatures vanquished.

Notes
Turn   | Place    | Note
-------+----------+-------------------------------------------
     0 | D:1      | Psun the Djinni Berserker began the quest for the Orb.
     0 | D:1      | Reached XP level 1. HP: 20/20 MP: 0/0
   159 | D:1      | Found a faded altar of an unknown god.
   335 | D:1      | Reached XP level 2. HP: 18/25 MP: 0/0
   650 | D:1      | Reached XP level 3. HP: 12/30 MP: 0/0
   650 | D:1      | Learned a level 1 spell: Freeze
  1930 | D:2      | Reached skill level 4 in Unarmed Combat
  1930 | D:2      | Reached XP level 4. HP: 35/35 MP: 0/0
  2115 | D:2      | Reached ** piety under Trog
  2351 | D:2      | Noticed Terence
  2375 | D:2      | Slain by a jackal

Illustrated notes

Levels and vault maps discovered:
D:1:      dpeg_arrival_boxes_within_box, layout_loops_ring,
          shapermc_ecumenical_altar_totnotflames, bh_walls_and_bars
D:2:      layout_basic, uniq_terence

Skill      XL: |  1  2  3 |
---------------+----------+-----
Unarmed Combat | 4 |  4.1
Fighting       | |  3.5
Armour         | |  2.0
Dodging        | |  2.7
Stealth        | |  0.2

Action                   |  1- 3 |  4- 6 || total
-------------------------+-------+-------++-------
Melee: Unarmed           |   128 |    34 ||   162
       Punch             |     2 |       ||     2
 Stab: Sleeping          |     2 |       ||     2
Armor: Animal skin       |    34 |    16 ||    50
Dodge: Dodged            |    81 |    23 ||   104
